 Dungeon Crawl Stone Soup version 0.32-a0-411-g744942f433 (webtiles) character file.

Game seed: 6713965644846233334

196 lunkers the Poker (level 5, -14/38 HPs)
             Began as a Coglin Gladiator on Feb 21, 2024.
             Demolished by an ogre
             ... wielding a +0 giant spiked club
              (31 damage)
             ... on level 4 of the Dungeon.
             The game lasted 00:02:21 (2607 turns).

lunkers the Poker (Coglin Gladiator)                Turns: 2607, Time: 00:02:21

Health: -14/38     AC:  7    Str: 16    XL:     5   Next: 75%
Magic:  5/5        EV: 11    Int:  8    God:
Gold:   178        SH:  0    Dex: 15    Spells: 4/4 levels left

rFire   . . .        a - +0 trident {Dube}
rCold   . . .        o - +0 trident {Armando}
rNeg    . . .        p - +0 ring mail
rPois   .            c - +0 helmet
rElec   .            f - +0 cloak
rCorr   .            (no gloves)
SInv    .            (no boots)
Will    .....        (no amulet)
Stlth   +            (no ring)
HPRegen 0.26/turn    (no ring)
MPRegen 0.09/turn

%: no passive effects
@: immotile, revved
A: off-hand wielding, slow wielding, warmup strikes, legs shutdown
a: no special abilities


You were on level 4 of the Dungeon.
You visited 1 branch of the dungeon, and saw 4 of its levels.

You collected 178 gold pieces.

Inventory:

Hand Weapons
 a - a +0 trident (weapon) {Dube}
 h - a +0 spear {Anan}
 o - a +0 trident (offhand) {Armando}
Missiles
 d - 3 throwing nets
 e - a javelin
Armour
 b - a +0 leather armour
 c - a +0 helmet (worn)
 f - a +0 cloak (worn)
 i - a +0 plate armour
 p - a +0 ring mail (worn)
Jewellery
 j - a ring of protection from cold
Scrolls
 g - 2 scrolls of amnesia {unknown}
 k - 3 scrolls of identify {unknown}
 l - a scroll of vulnerability {unknown}
 q - a scroll of revelation {unknown}
 t - a scroll of blinking {unknown}
Potions
 m - a potion of lignification {unknown}
 n - a potion of berserk rage {unknown}
 r - a potion of invisibility {unknown}
 s - a potion of curing {unknown}


   Skills:
 - Level 2.0 Fighting
 + Level 5.7 Polearms
 - Level 1.7 Throwing
 - Level 2.6 Dodging


You had 4 spell levels left.
You didn't know any spells.
Your spell library contained the following spells:

 Spells                   Type           Power      Damage    Failure   Level
 Stone Arrow              Conj/Erth      0%         3d7       94%         3
 Animate Armour           Summ/Erth      0%         N/A       100%        4
 Lehudib's Crystal Spear  Conj/Erth      0%         10d2      100%        8


Dungeon Overview and Level Annotations

Branches:
Dungeon (4/15)
 Temple: D:4-7

Altars:


Innate Abilities, Weirdness & Mutations

You can wield a second weapon in your off-hand.
It takes a long time for you to wield or remove held weapons.
Your first few attacks do less damage.
Attacking and casting redirects power from your legs.


Message History

The ogre is lightly wounded.
You hit the ogre with your +0 trident.
You closely miss the ogre with your +0 trident.
The ogre is lightly wounded.
You puncture the ogre with your +0 trident!
The ogre hits you with a +0 giant spiked club!!
Ouch! That really hurt!
* * * LOW HITPOINT WARNING * * *
Reach: a) +0 trident {Dube}
Press: ? - help, Dir - move target, f - ogre
Aim: an ogre, wielding a +0 giant spiked club (moderately wounded, about 25% to evade your +0 trident)
You hit the ogre with your +0 trident.
The ogre is heavily wounded.
You puncture the ogre with your +0 trident!
The ogre barely misses you.
Unknown command.
Unknown command.
Reach: a) +0 trident {Dube}
Press: ? - help, Dir - move target, f/p - ogre
Aim: an ogre, wielding a +0 giant spiked club (severely wounded, about 25% to evade your +0 trident)
You barely miss the ogre with your +0 trident.
The ogre is severely wounded.
You hit the ogre but do no damage.
Unknown command.
Reach: a) +0 trident {Dube}
Press: ? - help, Dir - move target, f/p - ogre
Aim: an ogre, wielding a +0 giant spiked club (severely wounded, about 25% to evade your +0 trident)
You closely miss the ogre with your +0 trident.
The ogre is severely wounded.
You hit the ogre with your +0 trident. The ogre closely misses you.
Unknown command.
Reach: a) +0 trident {Dube}
Press: ? - help, Dir - move target, f/p - ogre
Aim: an ogre, wielding a +0 giant spiked club (severely wounded, about 25% to evade your +0 trident)
You completely miss the ogre with your +0 trident.
The ogre is severely wounded.
You hit the ogre with your +0 trident.
The ogre hits you with a +0 giant spiked club!!
Ouch! That really hurt!
You die...

##...##
##.....##
##.......##
#.........#
+.........+
#.......[.#
#.......#
#..<@O#
##...##
##+##


You could see an ogre.

Vanquished Creatures
  Jessica (D:3)
  2 adders
  4 dart slugs
  3 ribbon worms
  6 orcs
  9 endoplasms
  5 giant cockroaches
  7 hobgoblins
  3 jackals (D:2)
  7 kobolds
  2 quokkas (D:2)
  4 ball pythons
  8 bats
  3 frilled lizards (D:1)
  5 goblins
  6 rats
75 creatures vanquished.

Notes
Turn   | Place    | Note
-------+----------+-------------------------------------------
     0 | D:1      | lunkers the Coglin Gladiator began the quest for the Orb.
     0 | D:1      | Reached XP level 1. HP: 16/16 MP: 1/1
     1 | D:1      | Noticed an electric eel
    99 | D:1      | Reached skill level 3 in Polearms
   133 | D:1      | Reached XP level 2. HP: 22/22 MP: 2/2
   387 | D:1      | Reached XP level 3. HP: 21/27 MP: 3/3
   555 | D:1      | Reached skill level 4 in Polearms
   904 | D:1      | You fall into a shaft and drop 1 floor!
   912 | D:2      | Reached XP level 4. HP: 33/33 MP: 4/4
  1417 | D:2      | Reached skill level 5 in Polearms
  1500 | D:2      | Reached XP level 5. HP: 38/38 MP: 5/5
  2334 | D:3      | Noticed Jessica
  2338 | D:3      | Killed Jessica
  2599 | D:4      | Noticed an ogre
  2607 | D:4      | Demolished by an ogre

Illustrated notes

Levels and vault maps discovered:
D:1:      arrival_aquarium_a, layout_basic
D:2:      minmay_razor_zed, layout_basic
D:3:      layout_basic, uniq_jessica
D:4:      layout_loops_corners, grunt_gozag_breadcrumbs, lightli_corner_chamber

Skill      XL: |  1  2  3  4 |
---------------+-------------+-----
Polearms       | 3 4 5 |  5.7
Fighting       | |  2.0
Throwing       | |  1.7
Dodging        | |  2.6

Action                     |  1- 3 |  4- 6 || total
---------------------------+-------+-------++-------
  Melee: Trident           |    65 |   133 ||   198
         Spear             |    25 |    85 ||   110
   Stab: Sleeping          |     4 |     1 ||     5
 Armour: Leather armour    |    21 |    37 ||    58
         Ring mail         |       |     7 ||     7
  Dodge: Dodged            |    21 |    58 ||    79

Table legend: (Time is in decaauts)
 A = Elapsed time spent in this place.
 B = Non-inter-level travel time spent in this place.
 C = Inter-level travel time spent in this place.
 D = Time resting spent in this place.
 E = Time spent auto-exploring this place.
 F = Levels seen in this place.
 G = Mean time per level.
                   A        B        C        D        E       F      G
               +--------+--------+--------+--------+--------+-----+--------+
         Total |   2605 |   2517 |     88 |      0 |   2092 |   4 |  651.2 |
       Dungeon |   2605 |   2517 |     88 |      0 |   2092 |   4 |  651.2 |
               +--------+--------+--------+--------+--------+-----+--------+

Top non-repeatable levels by time:
     D:1: 1058 daAuts
     D:3: 830 daAuts
     D:2: 708 daAuts
     D:4: 7 daAuts
